 Dungeon Crawl Stone Soup version 0.27.1-4-g1640c2035a (webtiles) character file.

Game seed: 9934253170528090344

56 croobank the Digger (level 3, -3/26 HPs)
             Began as a Demigod Earth Elementalist on Nov 16, 2021.
             Slain by an adder (4 damage)
             ... on level 3 of the Dungeon.
             The game lasted 00:12:02 (3054 turns).

croobank the Digger (Demigod Earth Elementalist)    Turns: 3054, Time: 00:12:03

Health: -3/26      AC:  3    Str: 13    XL:     3   Next: 48%
Magic:  8/8        EV: 12    Int: 17    God:
Gold:   69         SH:  0    Dex: 14    Spells: 3/6 levels left

rFire    . . .     SeeInvis .   i - staff of death
rCold    . . .     Faith    .   (no shield)
rNeg     + . .     Spirit   .   b - +0 robe
rPois    .         Reflect  .   (no helmet)
rElec    .         Harm     .   (no cloak)
rCorr    .         Rampage  .   g - +0 pair of gloves
Will     .....                  (no boots)
Stlth    ++........             (no amulet)
HPRegen  0.08/turn              (no ring)
MPRegen  0.11/turn              (no ring)

@: mighty, lethally poisoned (-3 -> -5)
A: high mp 1, forlorn
a: no special abilities


You were on level 3 of the Dungeon.
You visited 1 branch of the dungeon, and saw 3 of its levels.

You collected 69 gold pieces.

Inventory:

Hand Weapons
 a - a +0 dagger
 d - a +0 spear
 e - a +0 short sword
 m - a +0 hand axe
Missiles
 c - 41 stones
Armour
 b - a +0 robe (worn)
 f - a +0 leather armour
 g - a +0 pair of gloves (worn)
Magical Staves
 i - a staff of death (weapon)
Scrolls
 j - a scroll of torment {unknown}
 l - a scroll of noise {unknown}
 n - a scroll of enchant armour {unknown}
Potions
 o - a potion of lignification {unknown}


   Skills:
 - Level 0.3 Short Blades
 * Level 0.5 Staves
 + Level 2.2 Dodging
 + Level 2.1 Stealth
 + Level 2.1 Spellcasting
 + Level 0.8 Transmutations
 + Level 3.5 Earth Magic


You had 3 spell levels left.
You knew the following spells:

 Your Spells              Type           Power      Damage    Failure   Level
a - Sandblast             Erth           26%        2d8       4%          1
b - Passwall              Tmut/Erth      7%         N/A       12%         2

Your spell library contained the following spells:

 Spells                   Type           Power      Damage    Failure   Level
 Stone Arrow              Conj/Erth      14%        3d7       28%         3
 Petrify                  Tmut/Erth      9%         N/A       61%         4


Dungeon Overview and Level Annotations

Branches:
Dungeon (3/15)

Portals:
Sewer: D:3


Innate Abilities, Weirdness & Mutations

Your attributes grow dramatically as you level up.
You have an increased reservoir of magic. (+10% MP)
You shall have no god before yourself.


Message History

You completely miss the adder.
You feel sick. The adder closely misses you. The adder bites you.
A kobold comes into view. It is wielding a +0 whip.
The adder barely misses you.
The kobold shouts!
You hit the adder.
The adder is lightly wounded.
You feel sick.
The adder barely misses you. x2; The adder bites you.
You closely miss the adder.
The adder is lightly wounded.
You feel sick. The adder misses you. The adder bites you.
You are more poisoned.
The adder poisons you! The adder bites you but does no damage.
You feel sick.
A kobold comes into view. It is wielding a +0 dagger.
Okay, then.
You feel much better.
You feel sick. The adder bites you. The adder completely misses you.
The adder bites you.
You are more poisoned.
The adder poisons you! The adder bites you but does no damage.
You feel very sick. The adder bites you.
You feel sick. The kobold hits you with a +0 whip.
* * * LOW HITPOINT WARNING * * *
* * * LOW HITPOINT WARNING * * *
You feel sick.
The kobold throws a stone.
The stone barely misses you. The adder misses you. The adder bites you.
* * * LOW HITPOINT WARNING * * *
The kobold hits you but does no damage.
* * * LOW HITPOINT WARNING * * *
You feel sick.
* * * LOW HITPOINT WARNING * * *
You feel sick.
* * * LOW HITPOINT WARNING * * *
You feel sick. The adder barely misses you.
It was a potion of might.
You feel very mighty all of a sudden.
* * * LOW HITPOINT WARNING * * *
You feel sick. The adder closely misses you. The adder bites you.
You die...

.........# .........#
.........# .........+
+# # .........# #.#..
.........###.#.#
.............#.#
.......@.......# #
..####SSB......##.#..
#.K.K..........
#......><..#..
#.......<..# . $
#........#.#
....###..#......#
#...†...##.####
#.##'##......


You could see 2 adders, a giant cockroach and 2 kobolds.

Vanquished Creatures
  An adder (D:3)
  4 ball pythons
  10 bats
  7 endoplasms
  2 giant cockroaches (D:2)
  4 goblins (D:1)
  4 hobgoblins
  A quokka (D:1)
  3 frilled lizards
  4 kobolds
  4 rats
44 creatures vanquished.

Notes
Turn   | Place    | Note
-------+----------+-------------------------------------------
     0 | D:1      | croobank the Demigod Earth Elementalist began the quest for
                  | the Orb.
     0 | D:1      | Reached XP level 1. HP: 14/14 MP: 5/5
   147 | D:1      | Reached skill level 3 in Earth Magic
   263 | D:1      | Reached XP level 2. HP: 15/20 MP: 5/7
   681 | D:1      | Learned a level 2 spell: Passwall
  2039 | D:2      | Reached XP level 3. HP: 22/26 MP: 8/8
  3019 | D:3      | Found a glowing drain.
  3053 | D:3      | HP: 1/26 [poisoned by an adder]
  3054 | D:3      | Slain by an adder

Illustrated notes

Levels and vault maps discovered:
D:1:      lemuel_arrival_tunnels, layout_loops_cross,
          chequers_ecumenical_altar_island
D:2:      layout_loops_corners
D:3:      layout_basic, gup_sewer_entry_glass

Skill      XL: |  1  2  3 |
---------------+----------+-----
Earth Magic    | 3 |  3.5
Spellcasting   | 2 |  2.1
Dodging        | 2 |  2.2
Stealth        | 2 |  2.1
Short Blades   | |  0.3
Staves         | |  0.5
Transmutations | |  0.8

Action                   || total
-------------------------++-------
Melee: Unarmed           ||     6
       Dagger            ||     5
       Short sword       ||    57
       Staff             ||    37
 Cast: Sandblast         ||    36
  Use: Potion            ||     3
       Scroll            ||     1
 Stab: Sleeping          ||     3
Armor: Robe              ||    33
Dodge: Dodged            ||    97
